Description

2 base roach 1/1 speed timing attack into macro

Build Order

Get SALT Encoding   

  12  0:00  Drone  
  13  0:13  Overlord  rally drone to natural
  17  0:51  Hatchery  next 2 drones gas and pool
  18  1:07  Extractor  
  17  1:10  Spawning Pool  rally drones to gas
  20  1:16  Drone  to natural
  20  1:39  Overlord  
  22  2:00  Zergling x2, Queen x2  
  30  2:26  Overlord  
  30  2:36  Queen x2  
  26  2:14  Metabolic Boost  
  36  2:45  Overlord  
  36  3:25  Lair  
  48  3:26  Extractor x3  
  50  3:46  Roach Warren  Lair 20%
  50  3:47  Evolution Chamber  
  55  4:16  Zerg Ground Armor Level 1, Zerg Missile Weapons Level 1  
  55  4:27  Glial Reconstitution  saturate and make roaches
Spawning Tool Build Advisor. Get it on Overwolf

Go to:

Details

  • Created by: ChannelMiner
  • Published on: Oct 08, 2024
  • Modified on: Oct 08, 2024
  • Patch: 5.0.11
  • Difficulty: Easy
Show
View Real Time Build Order
Export as new Build Order

Comments (0)

There are no comments. Be the first!

Create an account to comment!